 Dungeon Crawl Stone Soup version 0.29.1-2-gbd0b4ee654 (console) character file.

Game seed: 3685500789803730097

146 Goreval the Sneak (level 5, -2/42 HPs)
             Began as a Naga Enchanter on Nov 15, 2022.
             Splashed by a jelly's acid (8 damage)
             ... on level 4 of the Dungeon.
             The game lasted 00:19:43 (4269 turns).

Goreval the Sneak (Naga Enchanter)                  Turns: 4269, Time: 00:19:44

Health: -2/42      AC:  0    Str: 10    XL:     5   Next: 28%
Magic:  1/9        EV: 13    Int: 18    God:
Gold:   176        SH:  0    Dex: 11    Spells: 1/9 levels left

rFire   . . .      SeeInvis +   b - +0 rapier (speed)
rCold   . . .      Faith    .   (no shield)
rNeg    . . .      Spirit   .   i - +0 robe
rPois   +          Reflect  .   (helmet restricted)
rElec   .          Harm     .   (no cloak)
rCorr   .          Rampage  .   s - +0 pair of gloves
Will    .....                   (no barding)
Stlth   +++.......              (no amulet)
HPRegen 0.14/turn               f - ring of flight
MPRegen 0.11/turn               k - +4 ring of evasion

@: corroded, flying, very slow
A: AC +1, large, see invisible, deformed body, poison resistance, slowness 2,
spit poison 1, naga tail 1, antennae 1
a: Spit Poison


You were on level 4 of the Dungeon.
You visited 1 branch of the dungeon, and saw 4 of its levels.

You collected 176 gold pieces.

Inventory:

Hand Weapons
 b - a +0 rapier of speed (weapon)
 h - a +1 dagger
Missiles
 e - 29 stones
Armour
 i - a +0 robe (worn)
 n - a +0 helmet of see invisible
 s - a +0 pair of gloves (worn)
Magical Staves
 a - a staff of cold
Jewellery
 f - a ring of flight (left hand)
 k - a +4 ring of evasion (right hand)
Wands
 t - a wand of flame (7)
Scrolls
 d - 3 scrolls of vulnerability {unknown}
 j - a scroll of blinking {unknown}
 m - a scroll of brand weapon {unknown}
 q - a scroll of fear {unknown}
 r - 2 scrolls of amnesia {unknown}
 u - a scroll of noise {unknown}
 w - a scroll of enchant armour {unknown}
 x - a scroll of magic mapping {unknown}
 y - a scroll of identify
Potions
 c - 2 potions of invisibility
 g - a potion of heal wounds {unknown}
 l - a potion of haste {unknown}
 o - a potion of mutation
 p - 4 potions of curing
 v - 2 potions of lignification {unknown}
 z - a potion of berserk rage {unknown}
 A - a potion of cancellation {unknown}
 B - a potion of brilliance {unknown}


   Skills:
 * Level 3.0 Short Blades
 - Level 1.5 Dodging
 + Level 5.4 Stealth
 + Level 2.6 Spellcasting
 * Level 4.0 Hexes


You had one spell level left.
You knew the following spells:

 Your Spells              Type           Power      Damage    Failure   Level
a - Ensorcelled Hibernat  Hex/Ice        18%        N/A       11%         2
b - Confusing Touch       Hex            16%        N/A       10%         3
c - Tukima's Dance        Hex            16%        N/A       10%         3

Your spell library contained the following spells:

 Spells                   Type           Power      Damage    Failure   Level
 Dazzling Flash           Conj/Hex       18%        N/A       22%         3
 Portal Projectile        Hex/Tloc       18%        N/A       22%         3
 Call Canine Familiar     Summ           2%         N/A       45%         3
 Leda's Liquefaction      Hex/Erth       4%         N/A       58%         4
 Yara's Violent Unravell  Hex/Tmut       4%         3d4       90%         5
 Blade Hands              Tmut           1%         N/A       99%         5
 Enfeeble                 Hex            8%         N/A       100%        7


Dungeon Overview and Level Annotations

Branches:
Dungeon (4/15)
 Temple: D:4-7

Altars:

Annotations:
D:1 1 runed translucent door


Innate Abilities, Weirdness & Mutations

Your serpentine skin is tough. (AC +1)
You have supernaturally acute eyesight. (SInv)
Armour fits poorly on your strangely shaped body.
Your system is resistant to poisons. (rPois)
You cover ground very slowly.
You can spit poison.
You have a snake-like lower body.
You have a pair of small antennae on your head.


Message History

Found 5 stones and 11 gold pieces.
There is an open door here.
Your magical contamination has completely faded away.
e - 29 stones (gained 5)
You now have 176 gold pieces (gained 11).
You reach down and open the door.
A ball python, a jelly and a scorpion come into view.
An orc comes into view. It is wielding a +0 hand axe.
The ball python hisses angrily.
There is an open door here.
Aim: a ball python (chance to affect: 61%)
The ball python resists with significant effort.
The jelly quivers.
The ball python barely misses you.
Aim: a ball python (chance to affect: 61%)
The ball python looks drowsy...
The helpless ball python fails to defend itself.
You impale the ball python!!
You kill the ball python!
The orc throws a boomerang.
The boomerang completely misses you.
Aim: a jelly (chance to affect: 51%)
The jelly resists with some effort.
The jelly hits you.
You are splashed with acid!
Aim: a jelly (chance to affect: 51%)
The jelly resists with some effort.
You hear the brisk hiss of a distant avalanche of sand.
The jelly hits you but does no damage.
Aim: an orc, wielding a +0 hand axe and quivering boomerangs (59% to hit)
The splash of poison hits the jelly.
The jelly completely resists.
The jelly misses you.
You hit the jelly.
Your hands burn!
You hit the jelly but do no damage.
Your hands burn!
The jelly barely misses you.
You hit the jelly. The acid corrodes you!
Your hands burn!
The jelly hits you.
You are splashed with acid!
* * * LOW HITPOINT WARNING * * *
You hit the jelly but do no damage.
Your hands burn!
* * * LOW HITPOINT WARNING * * *
You have got your breath back.
The jelly barely misses you. The jelly hits you.
* * * LOW HITPOINT WARNING * * *
You are splashed with acid!
You die...

#### .... ..# # #.# #. #.## #.#
#..# #..## #####).##
#...#+#...'...#######
+#........##...>.....#
##........###.##.####.#
###.........# #...... #.#
.......⌠...#+ #..#.##.#.#
##.........# #.##... #.#
##........###.##..# #.#
+#....oJ..##.?#..# #.# #...#'#@..+
#..# #.# #..##o#####. #..# #.# #.#
s.. #..#..###.# #. .....
#..#.....)# #+#########..#.####.#
... .........# #.# #.. ...
#####.#..# ### #... ... .........#
.. #..# #.# ###.#....# .#...
###..#####.#. ##.#....# .....
........#.#.####..#....#
#...#######..# #.#.#............#
#............###.#.#.......##...#
#..................##.#...........#
#............###.#.##.#..####...#.#
##...........................$#.#
#.........###.#.##.#..#####..# #
#.........# #.#.#<.#..# ..#
#.........# #.#.#$.#..#
###########.........# #.#.......#
#...................# #.###.....+
#...................# #.# #..#.##
).?....................# #.# #..#.#


You could see a jelly and an orc.

Vanquished Creatures
  Terence (D:2)
  Robin (D:2)
  3 adders
  A worm (D:2)
  A dart slug (D:1)
  An orc (D:4)
  5 ball pythons
  4 endoplasms
  A giant cockroach (D:2)
  10 goblins
  9 hobgoblins
  7 kobolds
  4 quokkas
  13 bats
  8 frilled lizards
  5 rats
74 creatures vanquished.

Notes
Turn   | Place    | Note
-------+----------+-------------------------------------------
     0 | D:1      | Goreval the Naga Enchanter began the quest for the Orb.
     0 | D:1      | Reached XP level 1. HP: 15/15 MP: 3/3
     3 | D:1      | Found a runed translucent door.
   437 | D:1      | Reached XP level 2. HP: 22/22 MP: 5/5
   440 | D:1      | Learned a level 2 spell: Ensorcelled Hibernation
  1003 | D:1      | Reached XP level 3. HP: 19/28 MP: 0/6
  1527 | D:2      | Reached skill level 5 in Stealth
  1708 | D:2      | Noticed Terence
  1741 | D:2      | Killed Terence
  1742 | D:2      | Reached XP level 4. HP: 6/36 MP: 2/7
  1891 | D:2      | Noticed Robin
  2009 | D:2      | Found a faded altar of an unknown god.
  2754 | D:2      | Killed Robin
  2857 | D:3      | Gained mutation: You have a pair of small antennae on your
                  | head. [potion of mutation]
  3068 | D:3      | Reached XP level 5. HP: 42/42 MP: 1/8
  3672 | D:3      | Learned a level 3 spell: Confusing Touch
  3676 | D:3      | Learned a level 3 spell: Tukima's Dance
  4269 | D:4      | Splashed by a jelly's acid

Illustrated notes

Levels and vault maps discovered:
D:1:      dpeg_arrival_caged_fury, layout_loops_ring
D:2:      layout_loops_cross, ebering_ecumenical_altar_box, uniq_robin,
          uniq_terence
D:3:      layout_basic, mrwooster_statue_mirror, kennysheep_flooded_box,
          minmay_box_of_dots
D:4:      layout_basic, nicolae_ossuary_entry_catacombs,
          nicolae_shop_i_like_big_books, minmay_pentangle, uniq_eustachio

Skill      XL: |  1  2  3  4  5 |
---------------+----------------+-----
Short Blades   | 2 3 |  3.0
Stealth        | 5 |  5.4
Hexes          | 4 |  4.0
Dodging        | |  1.5
Spellcasting   | |  2.6

Action                   |  1- 3 |  4- 6 || total
-------------------------+-------+-------++-------
Melee: Dagger            |    15 |       ||    15
       Rapier            |    72 |   104 ||   176
 Cast: Ensorcelled Hiber |    19 |    31 ||    50
 Abil: Spit Poison       |     6 |     2 ||     8
  Use: Scroll            |       |     2 ||     2
       Potion            |       |     1 ||     1
 Stab: Sleeping          |    18 |    16 ||    34
Armor: Robe              |    15 |    19 ||    34
Dodge: Dodged            |    58 |    66 ||   124
